 Dungeon Crawl Stone Soup version 0.29-a0-1047-g7c58e119a4 (webtiles) character file.

Game seed: 6193012218745366227

1164 ytrimaz the Martial Artist (level 8, -4/47 (54) HPs)
             Began as a Demonspawn Transmuter on Aug 16, 2022.
             Slain by a wight
             ... wielding a +3 long sword
              (14 damage)
             ... on level 7 of the Dungeon.
             The game lasted 00:06:02 (7068 turns).

ytrimaz the Martial Artist (Demonspawn Transmuter)  Turns: 7068, Time: 00:06:03

HP:   -4/47 (54)    AC:  3    Str: 11    XL:     8   Next: 17%
MP:   11/11         EV: 12    Int: 20    God:
Gold: 328           SH:  0    Dex: 14    Spells: 1/11 levels left

rFire   . . .      SeeInvis .     - Unarmed
rCold   . . .      Faith    .   (no shield)
rNeg    . . .      Spirit   .   a - +1 robe
rPois   .          Reflect  .   (no helmet)
rElec   .          Harm     .   (no cloak)
rCorr   .          Rampage  .   (no gloves)
Will    .....                   (no boots)
Stlth   +.........              (no amulet)
HPRegen 0.15/turn               (no ring)
MPRegen 0.12/turn               (no ring)

@: heavily drained
A: claws 1, powered by death 1, spiny 1, big brain 2
a: no special abilities


You were on level 7 of the Dungeon.
You visited 2 branches of the dungeon, and saw 8 of its levels.

You collected 328 gold pieces.

Inventory:

Armour
 a - a +1 robe (worn)
 t - a +0 plate armour
Jewellery
 x - a ring of poison resistance
Wands
 l - a wand of charming (8)
 q - a wand of iceblast (16)
Scrolls
 c - a scroll of magic mapping
 d - 2 scrolls of immolation
 f - 2 scrolls of teleportation
 i - a scroll of amnesia
 k - a scroll of torment
 p - 4 scrolls of identify
 r - 2 scrolls of noise
 s - a scroll of acquirement
 u - a scroll of vulnerability {unknown}
 w - a scroll of enchant armour
Potions
 b - 3 potions of lignification
 e - a potion of heal wounds
 g - 6 potions of curing
 h - 4 potions of attraction
 j - a potion of mutation {unknown}
 m - 2 potions of berserk rage
 n - 2 potions of haste
 o - a potion of resistance
 v - a potion of degeneration {unknown}


   Skills:
 - Level 1.0 Fighting
 - Level 1.7 Dodging
 + Level 8.1 Unarmed Combat
 + Level 2.0 Spellcasting
 + Level 3.0 Transmutations
 - Level 4.0 Poison Magic


You had one spell level left.
You knew the following spells:

 Your Spells              Type           Power      Damage    Failure   Level
a - Beastly Appendage     Tmut           28%        N/A       4%          1
b - Wereblood             Tmut           14%        N/A       7%          2
c - Spider Form           Tmut/Pois      16%        N/A       11%         3
d - Ice Form              Ice/Tmut       8%         N/A       63%         4

Your spell library contained the following spells:

 Spells                   Type           Power      Damage    Failure   Level
 Apportation              Tloc           4%         N/A       16%         1
 Foxfire                  Conj/Fire      8%         2x1d4     16%         1
 Necrotise                Necr           8%         1d4       16%         1
 Sandblast                Erth           4%         2d4       16%         1
 Summon Small Mammal      Summ           8%         N/A       16%         1
 Mephitic Cloud           Conj/Pois/Air  7%         N/A       28%         3
 Conjure Flame            Conj/Fire      2%         6-21      43%         3
 Inner Flame              Hex/Fire       2%         N/A       43%         3
 Swiftness                Air            2%         N/A       43%         3
 Flame Wave               Conj/Fire      2%         2d4       83%         4
 Lightning Bolt           Conj/Air       1%         1d12      99%         5


Dungeon Overview and Level Annotations

Branches:
Dungeon (7/15)             Temple (1/1) D:4

Altars:
Ashenzari
Cheibriados
Dithmenos
Fedhas
Kikubaaqudgha
Makhleb
Nemelex Xobeh
Okawaru
Qazlal
Ru
Sif Muna
Trog
Uskayaw
Wu Jian
Xom

Annotations:
D:5 3 runed translucent doors, Adrian566's ghost, amateur DsFi


Innate Abilities, Weirdness & Mutations

You have sharp fingernails.
You regenerate a little health from kills.
You are partially covered in sharp spines.
You have an extremely huge brain. (Int +4)


Message History

Unknown command.
Your horns disappear.
Your talons disappear.
Found a long sword.
w - a scroll of enchant armour You now have 314 gold pieces (gained 17).
You pick up the Atlas of the Caves and the Zephyr and begin reading...
You add the spells Sandblast, Swiftness, Mephitic Cloud and Lightning Bolt to your library.
You now have 328 gold pieces (gained 14).
x - a ring of poison resistance 3 wights come into view.
Okay, then.
Casting: Beastly Appendage (safe; 4% risk of failure)
Confirm with . or Enter, or press ? or * to list all spells.
Okay, then.
Casting: Beastly Appendage (safe; 4% risk of failure)
Confirm with . or Enter, or press ? or * to list all spells.
The spell is quite dangerous to miscast (63% risk of failure)!
Continue anyway?
Okay, then.
Found a stone staircase leading down.
You open the door. The wight misses you. x2
There is an open door here.
The wight attacks as you move away! The wight is struck by your spines.
The wight hits you with a +3 long sword!
You feel drained.
The wight hits you with a +3 long sword!
You feel drained.
The wight hits you from afar with a +0 halberd!
The wight attacks as you move away!
The wight hits you with a +3 long sword!
* * * LOW HITPOINT WARNING * * *
You feel much better. The wight is struck by your spines.
The wight hits you with a +3 long sword!
You feel drained.
The wight hits you from afar with a +0 halberd!
* * * LOW HITPOINT WARNING * * *
You feel drained.
Unknown command.
There is a stone staircase leading up here.
The wight hits you with a +3 long sword!
You die...

#).# #.#.# . #..# #.#.#
. #..# #########.#.#
#..###......##...######
#...........'...........
#.####......###..#######
#...#####z.......#
.###...#...#.#####..#
...........@#z# #.>#
..#.....#..z#.# #.##
####......z.# #.#
...######## #.# .#...
##.... .... #...


You could see 2 wights.

Vanquished Creatures
  A wyvern (D:6)
  An ice beast (D:6)
  An orc warrior (D:6)
  A sky beast (D:6)
  A bullfrog (D:6)
  2 scorpions
  An orc priest (D:5)
  3 hounds
  A jelly (D:6)
  Terence (D:3)
  3 iguanas (D:5)
  Natasha (thrice) (D:4)
  2 orc wizards
  3 gnolls (D:3)
  7 adders
  2 ufetubi (D:5)
  2 dart slugs
  17 orcs
  10 ball pythons
  9 endoplasms
  A giant cockroach (D:3)
  A hobgoblin (D:3)
  2 quokkas
  4 bats
  4 frilled lizards
  7 goblins
  2 kobolds
  4 rats
96 creatures vanquished.

Notes
Turn   | Place    | Note
-------+----------+-------------------------------------------
     0 | D:1      | ytrimaz the Demonspawn Transmuter began the quest for the
                  | Orb.
     0 | D:1      | Reached XP level 1. HP: 15/15 MP: 3/3
   409 | D:1      | Reached skill level 3 in Unarmed Combat
   605 | D:1      | Gained mutation: You have an unusually large brain. (Int
                  | +2) [demonic ancestry]
   605 | D:1      | Reached XP level 2. HP: 21/21 MP: 3/5
   608 | D:1      | Learned a level 2 spell: Wereblood
  2069 | D:3      | Noticed Terence
  2094 | D:3      | Killed Terence
  2095 | D:3      | Gained mutation: You regenerate a little health from kills.
                  | [demonic ancestry]
  2095 | D:3      | Reached XP level 3. HP: 15/26 MP: 3/6
  2310 | D:3      | Learned a level 3 spell: Spider Form
  2511 | D:3      | Gained mutation: You are partially covered in sharp spines.
                  | [demonic ancestry]
  2511 | D:3      | Reached XP level 4. HP: 23/32 MP: 7/7
  2939 | D:3      | Found a faded altar of an unknown god.
  3031 | D:3      | Reached skill level 4 in Unarmed Combat
  3033 | D:3      | Reached skill level 1 in Poison Magic
  3320 | D:4      | Gained mutation: You have sharp fingernails. [demonic
                  | ancestry]
  3320 | D:4      | Reached XP level 5. HP: 36/37 MP: 4/8
  3534 | D:4      | Noticed Natasha
  3549 | D:4      | Killed Natasha
  3714 | D:4      | Found a staircase to the Ecumenical Temple.
  3722 | Temple   | Entered the Ecumenical Temple
  3987 | D:4      | Noticed Natasha
  3997 | D:4      | Killed Natasha
  4332 | D:4      | Noticed Natasha
  4342 | D:4      | Killed Natasha
  4343 | D:4      | Reached skill level 5 in Unarmed Combat
  4384 | D:5      | Entered Level 5 of the Dungeon
  4440 | D:5      | Reached XP level 6. HP: 38/43 MP: 9/9
  4769 | D:5      | Found a runed translucent gate.
  4769 | D:5      | Found a runed translucent gate.
  5224 | D:5      | Reached skill level 6 in Unarmed Combat
  5432 | D:5      | Found a runed translucent gate.
  5440 | D:5      | Noticed Adrian566's ghost (amateur DsFi)
  5483 | D:5      | Reached XP level 7. HP: 30/48 MP: 4/10
  5837 | D:5      | Identified a scroll of acquirement
  6289 | D:6      | Reached skill level 7 in Unarmed Combat
  6435 | D:6      | Noticed a wyvern
  6442 | D:6      | Learned a level 4 spell: Ice Form
  6453 | D:6      | Killed a wyvern
  6768 | D:6      | Gained mutation: You have an extremely huge brain. (Int +4)
                  | [demonic ancestry]
  6768 | D:6      | Reached XP level 8. HP: 42/54 MP: 6/11
  6778 | D:6      | Reached skill level 8 in Unarmed Combat
  7013 | D:7      | Got the Atlas of the Caves and the Zephyr
  7068 | D:7      | Slain by a wight

Illustrated notes

Levels and vault maps discovered:
D:1:      psy_arrival_terrarium, layout_loops_ring,
          chequers_serial_rivers_large_a, minmay_pentomino_r2
D:2:      layout_basic, kennysheep_doodads
D:3:      kennysheep_six_static_rooms, layout_basic,
          ebering_ecumenical_altar_hall, uniq_terence
D:4:      layout_basic, minmay_temple_entry_enclosed_plants, uniq_natasha
D:5:      layout_gridville, gammafunk_ghost_necromancy
D:6:      layout_basic
D:7:      layout_basic, minmay_crystal_room, minmay_misc_feat_square,
          water_maze_lemuel
Temple:   dpeg_three_leaves_temple

Skill      XL: |  1  2  3  4  5  6  7  8 |
---------------+-------------------------+-----
Transmutations | 2 3 |  3.0
Unarmed Combat | 3 4 5 6 7 8 |  8.1
Poison Magic   | 1 2 4 |  4.0
Fighting       | |  1.0
Dodging        | |  1.7
Spellcasting   | |  2.0

Action                   |  1- 3 |  4- 6 |  7- 9 || total
-------------------------+-------+-------+-------++-------
Melee: Unarmed           |    74 |   104 |    48 ||   226
       Punch             |     5 |     2 |       ||     7
       Kick              |     7 |    16 |       ||    23
       Headbutt          |     4 |     8 |       ||    12
 Cast: Beastly Appendage |    19 |    29 |     4 ||    52
       Wereblood         |     2 |     3 |     3 ||     8
       Spider Form       |       |     5 |     7 ||    12
  Use: Scroll            |     3 |     8 |     3 ||    14
       Potion            |     1 |     2 |     2 ||     5
 Stab: Sleeping          |       |     1 |       ||     1
Armor: Robe              |    22 |    10 |     2 ||    34
       Skin              |     4 |     1 |     1 ||     6
Dodge: Dodged            |    59 |    49 |    27 ||   135

Table legend: (Time is in decaauts)
 A = Elapsed time spent in this place.
 B = Non-inter-level travel time spent in this place.
 C = Inter-level travel time spent in this place.
 D = Time resting spent in this place.
 E = Time spent auto-exploring this place.
 F = Levels seen in this place.
 G = Mean time per level.
                   A        B        C        D        E       F      G
               +--------+--------+--------+--------+--------+-----+--------+
         Total |   7082 |   6881 |    201 |    244 |   5724 |   8 |  885.2 |
       Dungeon |   7002 |   6801 |    201 |    244 |   5668 |   7 | 1000.3 |
        Temple |     79 |     79 |      0 |      0 |     56 |   1 |   79.0 |
               +--------+--------+--------+--------+--------+-----+--------+

Top non-repeatable levels by time:
     D:5: 1482 daAuts
     D:4: 1228 daAuts
     D:6: 1111 daAuts
     D:1: 1097 daAuts
     D:3: 1020 daAuts
     D:2: 982 daAuts
  Temple: 79 daAuts
     D:7: 79 daAuts
